 Dungeon Crawl Stone Soup version 0.24-a0-291-g79c1ce7 (webtiles) character file.

Game seed: 17861182901455494608

46 Anathematize the Sneak (level 3, 0/31 HPs)
             Began as a Naga Ice Elementalist on May 11, 2019.
             Slain by a bullfrog skeleton (4 damage)
             ... on level 2 of the Dungeon.
             The game lasted 00:15:57 (1446 turns).

Anathematize the Sneak (Naga Ice Elementalist)      Turns: 1446, Time: 00:15:58

Health: 0/31       AC:  3    Str: 10    XL:     3   Next: 66%
Magic:  6/6        EV: 10    Int: 21    God:
Gold:   65         SH:  0    Dex: 11    Spells: 5/6 levels left

rFire    . . .     SeeInvis +   i - +0 spear
rCold    . . .     Gourm    .   (no shield)
rNeg     . . .     Faith    .   a - +1 robe
rPois    +         Spirit   .   (no helmet)
rElec    .         Reflect  .   (no cloak)
rCorr    .         Harm     .   (no gloves)
MR       .....                  (no barding)
Stlth    ++........             (no amulet)
HPRegen  0.10/turn              (no ring)
MPRegen  0.10/turn              (no ring)

@: brilliant, very slow
A: large, see invisible, deformed body, poison resistance, slowness 2, slow
metabolism 1, spit poison 1, AC +1
a: Spit Poison


You were on level 2 of the Dungeon.
You were not hungry.

You visited 1 branch of the dungeon, and saw 2 of its levels.

You collected 65 gold pieces.

Inventory:

Hand Weapons
 e - a +0 short sword
 i - a +0 spear (weapon)
 j - a +0 club
Missiles
 f - 9 stones (quivered)
Armour
 a - a +1 robe (worn)
Jewellery
 b - a cursed ring of attention {unknown}
 n - a cursed ring of teleportation {unknown}
 o - a +6 ring of slaying {unknown}
Scrolls
 p - a scroll of random uselessness
 q - a scroll of fear {unknown}
Comestibles
 c - 2 rations
 d - 3 chunks of flesh


   Skills:
 + Level 1.1 Fighting
 - Level 1.5 Dodging
 + Level 3.7 Stealth
 + Level 2.3 Spellcasting
   Level 1.0 Conjurations
 * Level 3.7 Ice Magic


You had 5 spell levels left.
You knew the following spells:

 Your Spells              Type           Power        Failure   Level  Hunger
a - Freeze                Ice            ####         1%          1    None

Your spell library contained the following spells:

 Spells                   Type           Power        Failure   Level  Hunger
 Throw Frost              Conj/Ice       ####..       1%          2    ##.....
 Ozocubu's Armour         Chrm/Ice       ###.....     2%          3    ###....
 Throw Icicle             Conj/Ice       ####....     6%          4    ####...
 Summon Ice Beast         Ice/Summ       ###.....     8%          4    ####...


Dungeon Overview and Level Annotations

Branches:
Dungeon (2/15)

Altars:


Innate Abilities, Weirdness & Mutations

You cannot wear boots.
Your serpentine skin is tough. (AC +1)
You have supernaturally acute eyesight. (SInv)
Armour fits poorly on your strangely shaped body.
Your system is resistant to poisons. (rPois)
You cover ground very slowly.
You have a slow metabolism.
You can spit poison.


Message History

* * * LOW HITPOINT WARNING * * *
The bullfrog skeleton hits you.
* * * LOW HITPOINT WARNING * * *
Casting: Freeze (safe; 1% risk of failure)
Confirm with . or Enter, or press ? or * to list all spells.
Okay, then.
As you read the scroll labeled PIZENU BIWNIUC, it crumbles to dust.
The scroll dissolves into smoke.
It was a scroll of fog.
The bullfrog skeleton hits you.
* * * LOW HITPOINT WARNING * * *
Okay, then.
As you read the scroll labeled MUG DIS DOY, it crumbles to dust.
It is a scroll of enchant armour.
Your +0 robe glows green for a moment.
The bullfrog skeleton completely misses you.
As you read the scroll labeled VOTROIXOASS, it crumbles to dust.
It is a scroll of identify.
p - a scroll of random uselessness The bullfrog skeleton hits you.
You die...

#....#.#.... ####.#.#.... #
######.#.#.... ###.
............... +#.)S##
#######..÷.)### .......
#...#<# # ....... #.###.# #
....(..#############.###.###
.r..>..(.§Z@§§..............
.......#######.#####.....###
....... ####.............#
.......####....#########.#.#
.......#......÷..........#.#
.......#..........##.....#..
########..........##)....#..
#..........##.....#..
#..........##.....#.#


You could see a bullfrog skeleton.

Vanquished Creatures
  An ooze (D:2)
  3 dart slugs (D:1)
  2 leopard geckos
  A ball python (D:1)
  5 bats
  A giant cockroach (D:2)
  5 goblins
  2 hobgoblins
  5 kobolds
  A frilled lizard (D:1)
  5 rats
31 creatures vanquished.

Notes
Turn   | Place    | Note
-------+----------+-------------------------------------------
     0 | D:1      | Anathematize the Naga Ice Elementalist began the quest for
                  | the Orb.
     0 | D:1      | Reached XP level 1. HP: 15/15 MP: 3/3
   264 | D:1      | Reached XP level 2. HP: 24/24 MP: 0/5
   788 | D:1      | Reached XP level 3. HP: 30/30 MP: 6/6
  1026 | D:2      | Reached skill level 1 in Fighting
  1446 | D:2      | Slain by a bullfrog skeleton

Levels and vault maps discovered:
D:1:      ncdulo_watergridlock, layout_basic
D:2:      layout_basic, first_ration

Skill      XL: |  1  2  3 |
---------------+----------+-----
Fighting       | 1 |  1.1
Dodging        | |  1.5
Stealth        | |  3.7
Spellcasting   | |  2.3
Conjurations   | |  1.0
Ice Magic      | |  3.7

Action                   || total
-------------------------++-------
Melee: Spear             ||    64
       Short sword       ||     3
       Unarmed           ||     1
Throw: Stone             ||    12
 Cast: Freeze            ||    14
 Abil: Spit Poison       ||    10
  Use: Scroll            ||     3
       Potion            ||     2
 Stab: Sleeping          ||     7
  Eat: Chunk             ||     2
Armor: Robe              ||    17
Dodge: Dodged            ||    41

Table legend:
 A = Non-vault XP
 B = Vault XP
 C = Vault XP percentage of total XP
 D = Non-vault monster count
 E = Vault monster count
 F = Vault count percentage of total count
                 A         B        C        D         E       F
            +---------+---------+-------+---------+---------+-------
      Total |      66 |       0 |   0.0 |      31 |       0 |   0.0
            +---------+---------+-------+---------+---------+-------
        D:1 |      38 |       0 |   0.0 |      18 |       0 |   0.0
        D:2 |      28 |       0 |   0.0 |      13 |       0 |   0.0
            +---------+---------+-------+---------+---------+-------
